 Dungeon Crawl Stone Soup version 0.13-a0-2318-gf5ad1f9 (webtiles) character file.

825 pozd the Insei (level 7, -7/45 HPs)
             Began as an Octopode Transmuter on July 10, 2013.
             Mangled by a centaur (9 damage)
             ... on Level 5 of the Dungeon.
             The game lasted 00:17:54 (6371 turns).

pozd the Insei (Octopode Transmuter)                Turns: 6371, Time: 00:17:54

HP  -7/45        AC  1     Str  9      XL: 7   Next: 65%
MP  13/13        EV 14     Int 18      God:
Gold 128         SH  0     Dex 13      Spells:  3 memorised,  7 levels left

Res.Fire  : + . .   See Invis. : .   e - +2,+0 whip (elec)
Res.Cold  : . . .   Warding    : .   (no shield)
Life Prot.: + . .   Conserve   : .   (helmet restricted)
Res.Poison: .       Res.Corr.  : .   (no amulet)
Res.Elec. : .       Clarity    : .   q - +1 ring of intelligence
Sust.Abil.: . .     Spirit.Shd : .   g - ring of protection from fire
Res.Mut.  : .       Stasis     : .   i - ring of positive energy {unknown}
Res.Rott. : .       Flight     : .   (no ring)
Saprovore : . . .                    (no ring)
                                     (no ring)
                                     (no ring)
                                     (no ring)

@: slightly resistant to hostile enchantments, fairly stealthy
A: almost no armour, amphibious, 8 rings, constrict 8, camouflage 1, AC +1
a: no special abilities


You were on level 5 of the Dungeon.
You were near starving.

You visited 1 branch of the dungeon, and saw 5 of its levels.

You collected 108 gold pieces.

Inventory:

Hand weapons
 e - a +2,+0 whip of electrocution (weapon)
Missiles
 b - 48 arrows
 k - 11 poisoned arrows
 u - 12 arrows of frost
Comestibles
 a - 3 bread rations
 c - 2 meat rations
Scrolls
 o - a scroll of noise
 r - a scroll of enchant weapon II {unknown}
 t - 2 scrolls of recharging
Jewellery
 g - a ring of protection from fire (right tentacle)
 i - a ring of positive energy (on tentacle) {unknown}
 q - a +1 ring of intelligence (left tentacle)
Potions
 j - a potion of resistance {unknown}
 n - a potion of agility {unknown}
Books
 d - a book of Changes

   Spells                             Type                      Level
   *Beastly Appendage                 Transmutation                1
   *Sticks to Snakes                  Transmutation                2
   *Spider Form                       Transmutation/Poison         3
   Ice Form                           Ice/Transmutation            4
   Blade Hands                        Transmutation                5


   Skills:
 + Level 3.6 Fighting
 + Level 4.1 Dodging
 + Level 4.6 Unarmed Combat
 + Level 3.8 Spellcasting
 + Level 4.0 Transmutations


You had 7 spell levels left.
You knew the following spells:

 Your Spells              Type           Power        Failure   Level  Hunger
a - Beastly Appendage     Trmt           ###...       3%          1    None
b - Spider Form           Trmt/Pois      ##........   24%         3    ###....
c - Sticks to Snakes      Trmt           ###.......   6%          2    ##.....


Dungeon Overview and Level Annotations

Branches:
Dungeon (5/27)
 Temple: D:4-7

Altars:
Nemelex Xobeh
Trog
Yredelemnul
Zin

Annotations
D:2 Grinder
D:4 Eustachio; disskorpion's ghost, average DjFi


Innate Abilities, Weirdness & Mutations

You cannot wear most types of armour.
You are amphibious.
You can wear up to eight rings at the same time.*
You can use your tentacles to constrict many enemies at once.*
Your skin changes colour to match your surroundings (Stlth).*
Your rubbery body absorbs attacks (AC +1).*


Message History

Your Transmutations skill increases to level 4!
The centaur shoots an arrow.
The arrow hits you!
The centaur shoots an arrow.
The arrow misses you.
The centaur shoots an arrow.
The arrow misses you.
You are near starving!
The centaur unwields an uncursed bow.
The centaur hits you!
You hit the centaur.
The centaur is moderately wounded.
The centaur barely misses you.
You hit the centaur.
The centaur is moderately wounded.
The centaur hits you!
* * * LOW HITPOINT WARNING * * *
The centaur barely misses you.
You hit the centaur but do no damage.
There is a sudden explosion of sparks!
The centaur is almost dead.
The centaur hits you.
* * * LOW HITPOINT WARNING * * *
The centaur hits you!
You die...

#........#...#<..##
####.....###...##..#
#........##(...#####
###.....#..#....##
#.......####...###
#....#######...(.###
....###...###...(..#
...##.......##.....###
..###.......####@....#
..%#....#.....##.c...#
...#...###.....###....#
.......#
##>....###.....
#......# ###...(.#.....
#....### #.....###..
###### ###....####
#..>....# . ###.....##
...


You could see a centaur.

Vanquished Creatures
  2 phantoms
  A giant frog (D:3)
  2 crimson imps (D:5)
  3 orc priests
  A hound (D:4)
  A quasit (D:5)
  A worker ant (D:4)
  5 adders
  3 gnolls
  3 giant mites
  A worm (D:3)
  An iguana zombie (D:5)
  3 giant geckos
  2 oozes
  12 orcs
  4 giant cockroaches
  6 hobgoblins
  6 jackals
  10 kobolds
  A quokka (D:2)
  A ball python (D:2)
  16 bats
  A giant gecko skeleton (D:4)
  5 giant newts
  13 goblins
  A hobgoblin skeleton (D:5)
  An orc skeleton (D:4)
  9 rats
115 creatures vanquished.

Vanquished Creatures (others)
  A hobgoblin (D:4)
  A giant newt (D:2)
2 creatures vanquished.

Grand Total: 117 creatures vanquished

Notes
Turn   | Place    | Note
--------------------------------------------------------------
     0 | D:1      | pozd, the Octopode Transmuter, began the quest for the Orb.
     0 | D:1      | Reached XP level 1. HP: 13/13 MP: 1/1
   229 | D:1      | Reached XP level 2. HP: 8/18 MP: 0/3
   682 | D:1      | Reached XP level 3. HP: 16/23 MP: 2/4
  1028 | D:1      | HP: 1/23 [giant cockroach (1)]
  1458 | D:2      | Reached XP level 4. HP: 14/28 MP: 4/6
  1577 | D:2      | Learned a level 3 spell: Spider Form
  2002 | D:3      | Noticed Grinder
  2008 | D:3      | Paralysed by Grinder for 4 turns
  2296 | D:3      | Noticed a giant frog
  2306 | D:3      | Killed a giant frog
  2306 | D:3      | Reached XP level 5. HP: 24/34 MP: 4/8
  2328 | D:3      | Found a basalt altar of Yredelemnul.
  2328 | D:3      | Found a bloodstained altar of Trog.
  2331 | D:3      | Found a sparkling altar of Nemelex Xobeh.
  2331 | D:3      | Found a glowing silver altar of Zin.
  2897 | D:3      | Paralysed by Grinder for 7 turns
  3319 | D:3      | Paralysed by Grinder for 6 turns
  4023 | D:3      | Reached skill level 4 in Unarmed Combat
  4110 | D:2      | Learned a level 2 spell: Sticks to Snakes
  4151 | D:3      | Reached XP level 6. HP: 37/39 MP: 10/10
  5078 | D:4      | Noticed Eustachio
  5115 | D:4      | Noticed disskorpion's ghost (average DjFi)
  5141 | D:5      | Entered Level 5 of the Dungeon
  5359 | D:5      | Reached XP level 7. HP: 38/45 MP: 7/13
  6371 | D:5      | HP: 2/45 [centaur (5)]
  6371 | D:5      | Mangled by a centaur

Action                   |  1- 3 |  4- 6 |  7- 9 || total
-------------------------+-------+-------+-------++-------
Melee: Unarmed           |    21 |    78 |     7 ||   106
       Whip              |    58 |   127 |    45 ||   230
 Cast: Beastly Appendage |     9 |       |       ||     9
       Spider Form       |       |    15 |     1 ||    16
  Use: Potion            |       |     6 |     1 ||     7
       Scroll            |       |     6 |     1 ||     7
 Stab: Sleeping          |     2 |     2 |       ||     4
       Distracted        |     1 |       |       ||     1
